[Event "12th WLC Weekend 2022"]
[Site "Eindhoven"]
[Date "2022.05.15"]
[Round "6.11"]
[White "Van Doren, Bas"]
[Black "Cebula, Jerzy"]
[Result "1/2-1/2"]
[ECO "C45"]
[WhiteElo "2102"]
[BlackElo "1994"]
[Annotator "TA"]
[PlyCount "90"]
[EventDate "2022.05.13"]
[EventType "swiss"]
[EventCountry "NED"]
[SourceTitle "playchess.com"]
[Source "ChessBase"]
[SourceQuality "1"]
[TimeControl "5400+30"]

1. e4 e5 2. Nf3 Nc6 3. d4 exd4 4. Nxd4 Nf6 5. Nxc6 bxc6 6. e5 Qe7 7. Qe2 Nd5 8. c4 Ba6 9. Nd2 g6 10. Nf3 {[%emt 0:00:12] C45: Scotch Game.} Qb4+ 11. Qd2 (11. Kd1 $11 {remains equal.}) 11... Bxc4 $17 12. Qxb4 {[%emt 0:08:17] Black is clearly better.} Bxb4+ 13. Bd2 Bxf1 14. Rxf1 Bxd2+ 15. Kxd2 {[%emt 0:00:09] [#]} O-O $146 ({Predecessor:} 15... Rb8 16. b3 O-O 17. Rac1 Rfe8 18. Rfe1 Rb6 19. Nd4 Ra6 20. a4 Rb6 21. g3 g5 {0-1 (35) Philipp,M (1791)-Raetzke von Stoyentin,S (1979) Lingen 2015}) 16. Rad1 Rab8 17. Kc1 Rfe8 18. Rfe1 Kg7 19. g3 Re7 20. Rd3 (20. Nd4 $142) 20... Nb4 21. Ra3 c5 22. Ree3 c4 23. Ne1 {[%emt 0:02:17] Against Nd3+} Rb7 24. Ra5 Re8 (24... a6 $17 {White must now prevent ...Rb5.} 25. a3 Nc6) 25. a3 $1 $15 Nc6 26. Rc5 (26. Rd5 $15) 26... Rb3 (26... Reb8 $17 27. Nc2 Rxb2 28. Rxc4 Rb1+ 29. Kd2 Rh1) 27. Rxc4 (27. Rxb3 $11 {keeps the balance.} cxb3 28. Nd3) 27... Rxe3 $17 ({Don't play} 27... Nxe5 $6 28. Rxc7 Rxe3 29. fxe3 $11) 28. fxe3 Rxe5 $11 {[%emt 0:00:08][%mdl 4096] Endgame KRN-KRN} 29. Kd2 f5 30. Nd3 Rd5 31. Kc2 a5 (31... g5 $17) 32. Rc3 (32. Rc5 $1 $15 Rxc5+ 33. Nxc5) 32... Kf6 $17 33. h3 Ke7 34. Nf4 Rb5 35. b3 Kd8 36. Ne6+ dxe6 37. Rxc6 {[%emt 0:00:05] KR-KR} Kd7 38. Ra6 Rc5+ 39. Kd2 Rd5+ 40. Kc2 g5 41. Ra8 Re5 ({Better is} 41... Kd6 $17 42. Rg8 Ke5 43. Rxg5 Ke4) 42. Kd2 h6 ({Black should try} 42... Rb5 $15 43. Kc2 Re5) 43. Rh8 $1 $11 {[%emt 0:03:08] The position is equal.} Rb5 44. Kc2 Re5 45. Kd2 Rb5 {[%emt 0:00:08] And White is the lucky defender.  Weighted Error Value: White=0.21 (precise) /Black=0.17 (very precise)} 1/2-1/2

[Event "12th WLC Weekend 2022"]
[Site "Eindhoven"]
[Date "2022.05.15"]
[Round "6.12"]
[White "Zepeda, Lorena"]
[Black "Suranyi, Pal"]
[Result "0-1"]
[ECO "B06"]
[WhiteElo "2130"]
[BlackElo "2013"]
[Annotator "TA"]
[PlyCount "106"]
[EventDate "2022.05.13"]
[EventType "swiss"]
[EventCountry "NED"]
[SourceTitle "playchess.com"]
[Source "ChessBase"]
[SourceQuality "1"]
[TimeControl "5400+30"]

1. e4 g6 2. d4 Bg7 3. Nc3 d6 4. Bg5 c5 5. dxc5 Qa5 6. Qd2 Qxc5 7. Be3 {[%emt 0:04:40] B06: Modern Defence.} (7. Nd5 $14 Be6 8. c4) 7... Qb4 8. Nge2 Nf6 {[%emt 0:16:46] [#]} 9. f3 $146 {[%emt 0:05:19] White is slightly better.} ({Predecessor:} 9. a3 Qa5 10. O-O-O Nc6 11. Bh6 Bxh6 12. Qxh6 Ng4 13. Qh4 Qc5 14. Nd5 Qxf2 15. Ng3 {½-½ (68) Agopov,M (2448)-Kukk,S (2139) Tallinn 2012}) 9... Nc6 10. O-O-O Bd7 11. h4 h5 {[%emt 0:00:38] Inhibits g4.} 12. Kb1 Rc8 13. Nc1 Ne5 (13... Nh7 $14) 14. Nb3 $1 $16 {[%emt 0:02:02] Strongly threatening a3.} (14. Bxa7 Nxf3 $1 15. Qf4 (15. gxf3 Nxe4 16. fxe4 Bxc3 $17) 15... Rxc3 $17) 14... Nc4 15. Bxc4 Qxc4 16. Bxa7 b5 17. Bd4 e5 18. Be3 b4 19. Ne2 ({Reject} 19. Qxd6 bxc3 20. Qxe5+ (20. Bc5 $2 Qe6 $19) 20... Kf8 21. Qxc3 Qxc3 22. bxc3 Be6 $15) (19. Nd5 $1 $16 Nxd5 20. Qxd5) 19... d5 $11 20. Bg5 d4 {[%emt 0:02:09] Against c3} (20... O-O $1 $15) 21. Nec1 $14 Be6 22. Bxf6 Bxf6 23. Nd3 O-O 24. Nxb4 {[%emt 0:02:41] Pair of Knights!} (24. g4 $1 $16 ) 24... Ra8 (24... Be7 $5 25. Nd5 Bxd5 26. exd5 Ra8 $11) 25. Nd5 {[%emt 0:00:55] Prevents Be7.} Bxd5 26. exd5 Qxd5 27. Qd3 Bg7 28. c4 ({White should try} 28. Qe4 $14 Qxe4 29. fxe4) 28... Qc6 {[%emt 0:00:53][%mdl 1024] Black has compensation.} 29. Rc1 (29. Rhe1 $11) 29... f5 (29... Rfb8 $5 30. a3 Bf8 $17) 30. c5 Rfd8 {[%emt 0:00:54] And now ...e4 would win.} 31. Rhe1 {[%emt 0:00:34] Inhibits e4.} Qd5 (31... Kh8 $15 {keeps the upper hand.}) 32. Qc4 Kf7 33. Qxd5+ Rxd5 34. c6 Rc8 35. Rc4 Bh6 36. a3 Be3 37. Na1 (37. Nc1 {seems wilder.} Ke6 38. Nd3 Kd6 39. Kc2) 37... Bf2 (37... Rd6 $11) 38. Rd1 $2 {[%emt 0:00:16] [#]} (38. Rf1 $1 $14 {stays ahead.} Bxh4 39. b4) 38... e4 (38... Rd6 $1 $17 39. c7 Rd7) 39. fxe4 $11 fxe4 40. Nc2 d3 $36 {[%emt 0:00:20][%mdl 2048] Black has good play.} 41. Nb4 Rd4 42. Rxd4 Bxd4 $15 {[%emt 0:00:04][%mdl 4096] Endgame KRB-KRN} 43. Rf1+ (43. Re1 $1 $15 d2 44. Rf1+ Kg7 45. Kc2) 43... Ke6 $19 44. Re1 (44. g4 $142) 44... Kf5 {[%emt 0:00:37] aiming for ...Bc5.} 45. Rf1+ Kg4 $2 (45... Ke5 $19 {and Black stays clearly on top. Hoping for ...Bc5.} 46. Rd1 Bc5 47. Nxd3+ exd3 48. Rxd3 Rxc6) 46. Re1 $2 {[%emt 0:00:16] [#] This costs White the game.} (46. Kc1 $17) 46... Kf4 $1 47. Rf1+ (47. Rd1) 47... Kg3 {[%emt 0:00:23] Threatens to win with ...Bf2.} 48. Rf7 Bc5 49. Rg7 $2 (49. c7 Kxg2 50. Nd5) 49... Bxb4 50. Rxg6+ Kf2 {[%emt 0:00:05] Black mates.} 51. axb4 e3 52. Kc1 d2+ 53. Kc2 d1=Q+ {[%emt 0:00:13][%mdl 64] Promotion.  Weighted Error Value: White=0.55/Black=0.26 (precise)} 0-1

[Event "12th WLC Weekend 2022"]
[Site "Eindhoven"]
[Date "2022.05.15"]
[Round "6.13"]
[White "Iolis, Oleg"]
[Black "Smit, Maarten"]
[Result "1-0"]
[ECO "B12"]
[WhiteElo "2201"]
[BlackElo "2056"]
[Annotator "TA"]
[PlyCount "121"]
[EventDate "2022.05.13"]
[EventType "swiss"]
[EventCountry "NED"]
[SourceTitle "playchess.com"]
[Source "ChessBase"]
[SourceQuality "1"]
[TimeControl "5400+30"]

1. e4 c6 2. d4 d5 3. e5 c5 4. dxc5 Nc6 5. Nf3 e6 6. a3 {[%emt 0:00:22] B12: Caro-Kann: Advance Variation.} Bxc5 7. Bd3 Qc7 8. b4 (8. Bf4 $11) 8... Bb6 (8... Bd4 $15 {stays ahead.} 9. Nxd4 Qxe5+ 10. Qe2 Qxd4) 9. Bb2 $1 $16 a6 10. O-O Nge7 11. Nbd2 {[%emt 0:00:14] [#]} Ng6 $146 ({Predecessor:} 11... Bd7 12. c4 Qb8 13. b5 axb5 14. cxb5 Na7 15. a4 Nac8 16. Nb3 Bd8 17. a5 Ng6 {1-0 (25) Santiago,Y (2440)-De Menezes,R (1580) Natal 2016}) 12. Re1 $1 Nce7 13. Rc1 Nf4 14. Bf1 $1 Bd7 15. c4 Qd8 16. c5 Ba7 17. Nd4 Nc6 18. N2f3 O-O 19. g3 Ng6 20. Bd3 Bb8 21. Nxc6 {[%emt 0:01:13] White is much more active. The black rooks are badly placed.} Bxc6 22. Nd4 Nxe5 $2 {[%emt 0:04:12][%mdl 8192] [#] This move loses the game for Black.} (22... Qg5 $16 {was worth a try.} 23. Bc3 Bd7) 23. Rxe5 $1 $18 Bxe5 24. Nxc6 bxc6 25. Bxe5 f6 26. Bd6 Re8 27. Qe2 ({Not} 27. Qh5 g6 28. Qe2 Qc8 $18) 27... Qc8 28. Qh5 f5 29. f4 Rd8 30. Re1 Qd7 (30... Ra7 $142 31. Qe2 g6) 31. Qe2 Re8 32. Rb1 Qc8 33. a4 Ra7 34. h4 Kh8 35. Kh2 Kg8 36. Kh3 Kh8 37. Be5 Kg8 38. Bd4 Kh8 39. Re1 Ree7 40. Rc1 Kg8 41. b5 axb5 42. axb5 Ra4 43. Qe5 cxb5 44. Bxb5 Rb4 45. Bd3 Qc6 46. Ra1 {[%emt 0:01:20] aiming for Ra6.} h6 47. Ra6 Qc7 48. c6 (48. Ra8+ $142 Rb8 49. Rxb8+ Qxb8 50. Qxb8+ Kf7 51. h5 e5 52. Bxf5 $1 g5 53. hxg6+ Kg7 54. fxe5 Rf7 55. e6+ Rf6 56. e7 h5 57. Qf8#) 48... Rb3 49. Bc2 (49. Ra8+ $142 Rb8 50. Rxb8+ Qxb8 51. Qxb8+ Kf7 52. c7 Kg6 53. c8=Q h5 54. Bxf5+ $1 exf5 55. Qg8 Kh6 56. Qd6+ g6 57. Qgxg6#) 49... Qc8 50. Qe2 (50. Bxb3 $142 Qxa6 {[#]} 51. Bxd5 $3 ) 50... Rb8 51. Be5 {[%emt 0:01:07] A strong pair of Bishops.} Ra8 52. Rxa8 Qxa8 53. c7 d4 54. Kh2 {[%emt 0:00:41] Threatens to win with Qc4.} Qc6 {[%emt 0:00:42] [#] Against Qc4} 55. Ba4 $1 {[%emt 0:01:36][%mdl 512] White mates.} Qb7 (55... Qc1 56. Bc2) 56. Qc2 Qc8 57. Bb5 Kh7 58. Qc6 d3 59. Bxd3 Rd7 60. Qxe6 Rxc7 61. Bxf5+ {[%emt 0:00:26] Weighted Error Value: White=0.25 (precise) /Black=0.71} 1-0

[Event "12th WLC Weekend 2022"]
[Site "Eindhoven"]
[Date "2022.05.15"]
[Round "6.14"]
[White "Kools, Thomas"]
[Black "Wuijts, Johan"]
[Result "1/2-1/2"]
[ECO "A03"]
[WhiteElo "2160"]
[BlackElo "1964"]
[Annotator "TA"]
[PlyCount "55"]
[EventDate "2022.05.13"]
[EventType "swiss"]
[EventCountry "NED"]
[SourceTitle "playchess.com"]
[Source "ChessBase"]
[SourceQuality "1"]
[TimeControl "5400+30"]

1. f4 d5 2. Nf3 c5 3. g3 g6 4. Bg2 Bg7 5. O-O Nc6 6. d3 Bg4 {[%emt 0:02:56] A03: Bird's Opening with 1...d5.} 7. c3 Bxf3 8. Bxf3 e6 {[%emt 0:08:21] The position is equal.} 9. e4 Nge7 10. Na3 {[%emt 0:01:53] [#]} O-O $146 ({Predecessor:} 10... Qd7 11. Kg2 O-O-O 12. Rb1 dxe4 13. dxe4 Qxd1 14. Rxd1 e5 15. Be3 b6 16. Nc4 Kc7 {0-1 (50) Necula,I (1890)-Langner,L (2370) Chess.com INT 2021}) 11. e5 Qd7 12. Nc2 d4 13. c4 Rad8 14. Bd2 h5 15. b4 cxb4 16. Nxb4 Nf5 17. Nxc6 bxc6 18. Qa4 c5 19. Bc6 (19. Qxd7 $16 Rxd7 20. Rab1) 19... Qe7 $14 20. Rab1 {[%emt 0:04:08] aiming for Rb7.} (20. Rfb1 $5 Rb8 21. Rb3 $14) 20... Rb8 {[%emt 0:00:31] Against Rb7} 21. Rb5 {[%emt 0:03:13] Hoping for Rfb1.} (21. Be4 {is interesting.} Ne3 22. Bxe3 dxe3 23. h4) 21... Rxb5 22. Qxb5 g5 (22... Ne3 {feels hotter.} 23. Re1 g5 24. Bxe3 dxe3 25. Rxe3 gxf4 26. gxf4 Qh4) 23. Rb1 ({Reject} 23. fxg5 Bxe5 24. Qb7 Qxb7 25. Bxb7 Rb8 $17) 23... gxf4 24. Bxf4 {[%emt 0:00:09] Strongly threatening Qa5. This bishop pair is nice.} Bh6 $1 {[%emt 0:00:22] Threatens to win with ...Bxf4.} 25. Bxh6 (25. Qb2 $11) 25... Nxh6 $15 26. h4 $2 {[%emt 0:00:25] [#] Inhibits Qg5.} ({Better is} 26. Qb2 $1 $15 Ng4 27. Qe2) 26... Nf5 (26... Qc7 $1 $19 27. Kg2 (27. Qxc5 $2 Rc8 $19) 27... Nf5) 27. Qb7 $17 {[%emt 0:01:23] [#]} Qd8 28. Kh2 {[%emt 0:20:24] Weighted Error Value: White=0.28 (precise) /Black=0.13 (very precise)} 1/2-1/2

[Event "12th WLC Weekend 2022"]
[Site "Eindhoven"]
[Date "2022.05.15"]
[Round "6.15"]
[White "Duson, Robin"]
[Black "Van Helvoort, Rob"]
[Result "1/2-1/2"]
[ECO "D90"]
[WhiteElo "1980"]
[BlackElo "2133"]
[Annotator "TA"]
[PlyCount "43"]
[EventDate "2022.05.13"]
[EventType "swiss"]
[EventCountry "NED"]
[SourceTitle "playchess.com"]
[Source "ChessBase"]
[SourceQuality "1"]
[TimeControl "5400+30"]

1. d4 Nf6 2. c4 g6 3. Nc3 d5 4. cxd5 Nxd5 5. Bd2 Nb6 6. Nf3 Bg7 7. Bg5 {[%emt 0:00:27] D90: Grünfeld: 4 Nf3 Bg7 sidelines.} h6 {[%emt 0:00:53] 7...c5 gains popularity.} 8. Bf4 O-O 9. e3 {[%emt 0:08:28] [#] White has an edge.} a5 $146 ({Predecessor:} 9... g5 10. Bg3 Nc6 11. Bb5 Bd7 12. O-O a6 13. Be2 Rc8 14. Rc1 Re8 15. d5 Na7 {1-0 (80) Gurevich,D (2363)-Corrales Jimenez,F (2537) Chess.com INT 2022}) 10. Be2 {[%emt 0:05:41] White is more active.} Be6 11. Rc1 {[%emt 0:02:26][%cal Ba1c1,Bc1c4,Bc4c5][%mdl 32] Hoping for Nb5.} c6 {[%emt 0:02:07] Prevents Nb5.} 12. O-O Nd5 13. Nxd5 Bxd5 14. Bc4 Bxc4 15. Rxc4 Nd7 16. a3 Re8 17. Bg3 Rc8 18. Qc2 Nb6 19. Rc5 Nd7 20. Rc4 Nb6 21. Rc5 Nd7 22. Rc4 {[%emt 0:00:09] Weighted Error Value: White=0.14 (very precise) /Black=0.09 (flawless)} 1/2-1/2

[Event "12th WLC Weekend 2022"]
[Site "Eindhoven"]
[Date "2022.05.15"]
[Round "6.16"]
[White "Van Zon, Paul"]
[Black "Slagboom, Leandro"]
[Result "1/2-1/2"]
[ECO "D43"]
[WhiteElo "2000"]
[BlackElo "1997"]
[Annotator "TA"]
[PlyCount "36"]
[EventDate "2022.05.13"]
[EventType "swiss"]
[EventCountry "NED"]
[SourceTitle "playchess.com"]
[Source "ChessBase"]
[SourceQuality "1"]
[TimeControl "5400+30"]

1. d4 d5 2. c4 c6 3. Nc3 Nf6 4. Nf3 e6 5. Bg5 h6 6. Bxf6 Qxf6 7. e3 Nd7 8. Rc1 Bd6 9. Be2 dxc4 10. Bxc4 Qe7 11. O-O O-O 12. Qe2 e5 {[%emt 0:12:04] D43: Semi-Slav: 5 Bg5 h6.} 13. Ne4 exd4 14. Nxd6 Qxd6 {[%emt 0:00:13] [#]} 15. Nxd4 $146 ({Predecessor:} 15. Rcd1 Qe7 16. Rxd4 Nf6 17. Nh4 Be6 18. Rfd1 c5 19. Rd6 Rfd8 20. Rxd8+ Rxd8 21. Rxd8+ Qxd8 22. Bxe6 fxe6 {½-½ (35) Johansen,J (2326)-Gromotka,H (2367) ICCF email 2017}) 15... Ne5 16. Bb3 Re8 17. Rfd1 {[%emt 0:03:37][%cal Od4c6] next Nxc6! is good for White.} Qe7 18. h3 Bd7 {[%emt 0:04:44] An interesting draw.  Weighted Error Value: White=0.09 (flawless) /Black=0.08 (flawless)} 1/2-1/2

[Event "12th WLC Weekend 2022"]
[Site "Eindhoven"]
[Date "2022.05.15"]
[Round "6.17"]
[White "Verhoeven, Robin"]
[Black "Margarido, Jose Miguel Teixeira"]
[Result "0-1"]
[ECO "E60"]
[WhiteElo "1946"]
[BlackElo "2127"]
[Annotator "TA"]
[PlyCount "66"]
[EventDate "2022.05.13"]
[EventType "swiss"]
[EventCountry "NED"]
[SourceTitle "playchess.com"]
[Source "ChessBase"]
[SourceQuality "1"]
[TimeControl "5400+30"]

1. b4 Nf6 2. Bb2 g6 3. Nf3 Bg7 4. c4 O-O 5. e3 d6 6. d4 Nbd7 {[%emt 0:03:42][%cal Oe7e5] 6...c5 is the fancy move.} 7. Nbd2 {[%emt 0:03:11] E60: King's Indian: Unusual lines and Fianchetto Variation without Nc3.} Re8 8. Qc2 e5 9. dxe5 {[%emt 0:05:50] Black has an edge.} dxe5 10. Rd1 Qe7 {[%emt 0:03:22] [#]} (10... c5 $15) 11. a3 $146 (11. c5 $11) ({Predecessor:} 11. c5 e4 12. Ng5 h6 13. Nh3 a5 14. a3 axb4 15. axb4 {½-½ (15) Lins,T-Grillich,A (2140) Berlin 2003}) 11... e4 (11... c5 $17) 12. Nd4 $1 $11 (12. Ng5 a5 13. Qb3 h6 $17) 12... c5 $36 {[%emt 0:18:57][%mdl 2048] Black has some pressure.} 13. Nb5 Ne5 14. Nxe4 $2 {[%emt 0:13:31][%mdl 8192] White is on the road to losing.} (14. bxc5 $1 $11 {and White stays safe.} Bg4 15. Rc1) 14... Nxe4 $19 15. Qxe4 Bf5 (15... cxb4 16. Nd6 $15) 16. Qd5 (16. Qf4 Rad8 17. bxc5 Rxd1+ 18. Kxd1 Qxc5 19. Qd4) 16... cxb4 (16... Rad8 $142 17. Qxc5 (17. Nd6 $2 Ng4 $19) 17... Rxd1+ 18. Kxd1 Qh4) 17. Nd6 Red8 18. axb4 $2 {[%emt 0:20:46] [#]} (18. c5 Bc2 19. Rd4) 18... Nd3+ $1 19. Rxd3 (19. Bxd3 $2 Rxd6 20. Qa5 Bxd3 $19) 19... Bxd3 {[%emt 0:00:01] Really sharp!} ({Not} 19... Bxb2 $2 20. c5 Bxd3 21. Bxd3) 20. Qxd3 (20. c5 $142 Bxb2 21. Bxd3) 20... Rxd6 {[%emt 0:01:00] Black is clearly winning.} ({Don't blunder} 20... Bxb2 $2 21. c5 Be5 22. Be2 $19) 21. Qb3 Rad8 {[%emt 0:03:55][%cal Od6d1] And now ...Rd1+! would win.} 22. Bxg7 (22. Be2 $142 Qe4 23. O-O Bxb2 24. Qxb2) 22... Rd1+ ({But not} 22... Kxg7 $2 23. Be2 $19) 23. Ke2 R8d2+ 24. Kf3 Kxg7 (24... Qh4 $142 25. g3 Qh5+ 26. g4 Qh4) 25. Qc3+ Qf6+ 26. Qxf6+ Kxf6 {[%emt 0:00:03][%mdl 4096] Endgame KRR-KRB} 27. g3 Rb2 28. b5 Rbb1 29. Kg2 Rbc1 30. f4 Ke7 31. Kf2 a5 {[%emt 0:00:37] [#] White must now prevent ...a4.} 32. bxa6 bxa6 {[%emt 0:00:00] Hoping for ...a5.} 33. c5 Rxc5 {[%emt 0:00:49] Weighted Error Value: White=1.03/Black=0.36} 0-1

[Event "12th WLC Weekend 2022"]
[Site "Eindhoven"]
[Date "2022.05.15"]
[Round "6.18"]
[White "Van de Put, Jeroen"]
[Black "Kools, Jasper"]
[Result "1-0"]
[ECO "B43"]
[WhiteElo "1987"]
[BlackElo "1774"]
[Annotator "TA"]
[PlyCount "55"]
[EventDate "2022.05.13"]
[EventType "swiss"]
[EventCountry "NED"]
[SourceTitle "playchess.com"]
[Source "ChessBase"]
[SourceQuality "1"]
[TimeControl "5400+30"]

1. e4 c5 2. Nf3 e6 3. d4 cxd4 4. Nxd4 a6 5. Nc3 Qc7 6. Qf3 {[%emt 0:03:50] B43: Sicilian: Kan Variation: 5 Nc3.} Nc6 7. Nb3 b5 8. Bf4 {[%emt 0:02:43] White has an edge.} (8. Qg3 $5 d6 9. a3 $14) 8... d6 9. a3 Nf6 {[%emt 0:00:19] [#]} 10. O-O-O $146 ({Predecessor:} 10. Be2 Be7 11. Rd1 O-O 12. Qg3 Ne5 13. Bh6 Ng6 14. Be3 Bb7 15. Nc5 Bc6 16. Bg5 {½-½ (34) Cabanas Bravo,J (2036)-Leniz Martinez,F (1874) Madrid 2008}) 10... Be7 (10... Ne5 $15 11. Qe3 Bb7) 11. g4 (11. Bxb5 $5 axb5 12. Nxb5 $11) 11... e5 12. g5 (12. Nd5 $1 $11 Nxd5 13. exd5) 12... Bg4 $15 (12... exf4 13. gxf6 Bxf6 14. Nd5 $16) 13. Qg2 Bxd1 (13... exf4 $2 14. gxf6 Bxd1 15. Qxg7 $18 (15. fxe7 Nxe7 16. Kxd1 O-O $18) (15. fxg7 Rg8 $15)) 14. gxf6 {[%emt 0:00:05] [#]} gxf6 $1 15. Nd5 (15. Be3 Bh5) 15... Qb7 {[%emt 0:01:16] [#]} 16. Bh6 $1 $18 ({Resist} 16. Qg7 $6 O-O-O 17. Bh3+ Kb8 18. Rxd1 exf4 $14) 16... Bh5 17. Bd3 (17. Rg1 $18 {[%cal Og2g8] Strongly threatening Qg8+!} Bg6 18. Qf3) 17... O-O-O $2 {[%emt 0:03:20][%mdl 8192] Loses the game.} (17... Kd8 $16 {is more resistant.}) 18. Qh3+ Kb8 19. Qxh5 a5 (19... Rdg8 $142 20. Qxf7 Rg6) 20. Nxe7 Qxe7 21. Bxb5 Rc8 22. Rd1 Qe6 23. Kb1 {[%emt 0:05:40] And now Qe2 would win.} Rhg8 24. Be3 Na7 25. Qe2 Qg4 26. Bxa7+ Kxa7 27. Qxg4 (27. Qe3+ $142 Ka8 28. Rxd6 Qe6 29. Rxe6 Rg1+ 30. Ka2 fxe6 31. Nxa5 Rg7 32. Qb6) 27... Rxg4 28. Bd7 {[%emt 0:00:03] Weighted Error Value: White=0.32/Black=1.08} 1-0

[Event "12th WLC Weekend 2022"]
[Site "Eindhoven"]
[Date "2022.05.15"]
[Round "6.19"]
[White "Weijers, Ralf"]
[Black "Faber, Hugo"]
[Result "0-1"]
[ECO "B40"]
[WhiteElo "1857"]
[BlackElo "2076"]
[Annotator "TA"]
[PlyCount "66"]
[EventDate "2022.05.13"]
[EventType "swiss"]
[EventCountry "NED"]
[SourceTitle "playchess.com"]
[Source "ChessBase"]
[SourceQuality "1"]
[TimeControl "5400+30"]

1. e4 e6 2. Nf3 c5 3. b4 cxb4 4. d4 d6 5. Bd3 Nd7 {[%emt 0:04:13] [#]} 6. a3 $146 {[%emt 0:01:31] B40: Sicilian: 2...e6, Unusual lines.} ({Predecessor:} 6. O-O Ngf6 7. a3 bxa3 8. c4 e5 9. Bxa3 b6 10. Qa4 Qc7 11. Nc3 a6 12. Nd5 Nxd5 13. exd5 {½-½ (40) Neuberg,S-Puth,D Trier 1991}) 6... bxa3 7. Bxa3 Ngf6 8. e5 (8. O-O $11) 8... dxe5 $15 {[%emt 0:04:26] [#] aiming for ...Bxa3.} 9. Bxf8 Kxf8 10. Nxe5 (10. dxe5 $15 Nxe5 11. Nxe5) 10... Nxe5 $17 11. dxe5 Nd5 (11... Qd4 $17 12. Nd2 Qxe5+ 13. Be2 Bd7) 12. O-O $11 g6 13. Qf3 Qg5 14. Be4 (14. Re1 $11 {remains equal.}) 14... Kg7 (14... Qxe5 $17 15. Na3 Kg7) 15. Bxd5 (15. Nc3 $11) 15... exd5 16. Qxd5 Rd8 $36 {[%emt 0:00:52][%mdl 2048] Black fights for an advantage.} 17. Qe4 a6 18. f4 {[%emt 0:04:22] Black converts the advantage convincingly.} (18. Nc3 $15) 18... Qe7 $17 19. Qe3 Bf5 20. Na3 (20. Nd2 $17) 20... Rac8 $19 21. Rf2 (21. h3 $142) 21... b5 22. Qf3 $2 (22. Qe2 {keeps fighting.}) 22... h5 23. h3 h4 {[%emt 0:00:11] Hoping for ...b4.} 24. Qb3 Qc5 {[%emt 0:01:57] [#] Prevents c4. Strongly threatening ...Rd2.} 25. Raf1 b4 26. Nb1 Bxc2 27. Qb2 Qd4 28. Qa2 Rc6 29. Nd2 Qc3 30. Nf3 b3 31. Qa3 b2 32. Qe7 Rd1 33. Ng5 Rxf1+ {[%emt 0:02:14] Weighted Error Value: White=1.19/Black=0.44} 0-1

[Event "12th WLC Weekend 2022"]
[Site "Eindhoven"]
[Date "2022.05.15"]
[Round "6.20"]
[White "Van de Lagemaat, Arend"]
[Black "Klapwijk, Leo"]
[Result "1/2-1/2"]
[ECO "D78"]
[WhiteElo "1995"]
[BlackElo "1828"]
[Annotator "TA"]
[PlyCount "102"]
[EventDate "2022.05.13"]
[EventType "swiss"]
[EventCountry "NED"]
[SourceTitle "playchess.com"]
[Source "ChessBase"]
[SourceQuality "1"]
[TimeControl "5400+30"]

1. d4 Nf6 2. Nf3 c6 3. g3 d5 4. Bg2 g6 5. O-O Bg7 6. c4 O-O 7. b3 Ne4 8. Bb2 Qb6 {[%emt 0:01:10] 8...a5 is the recent fashion. D78: Fianchetto Grünfeld: 6 0-0 c6.} 9. Qc1 Be6 {[%emt 0:04:46] [#]} 10. Na3 $146 ({Predecessor:} 10. c5 Qc7 11. Nc3 Bf5 12. Rd1 Re8 13. Nh4 Nxc3 14. Bxc3 Bc8 15. b4 Nd7 16. Nf3 e5 17. Nxe5 Nxe5 18. dxe5 Bxe5 19. e3 Bf5 20. Bxe5 {½-½ (20) Padevsky,N (2425)-Pichler,J (2425) Gelsenkirchen 1991}) 10... Nd7 11. e3 Rac8 12. Ne1 f5 (12... c5 $11) 13. Nd3 a6 (13... c5 $11 {might be stronger.}) 14. Kh1 (14. c5 $14 Qc7 15. f3) 14... Qd8 ({Black should play} 14... c5 $11) 15. f3 $14 Nef6 16. Qd2 b5 17. Rfc1 (17. cxb5 $16 cxb5 18. Bc3) 17... bxc4 18. bxc4 c5 19. Nf4 Bf7 20. cxd5 Nxd5 21. Nxd5 Bxd5 22. e4 fxe4 23. fxe4 Ba8 24. d5 Ne5 25. Nc4 Nxc4 26. Rxc4 {[%emt 0:00:07] Threatens to win with Bh3.} Bxb2 27. Qxb2 e6 {[%emt 0:01:36] [#]} (27... Qd6 $142) 28. Qe5 {[%emt 0:10:46] 0x0.001a2c22d68adp-1022s more active pieces.} ({Don't do} 28. dxe6 $6 Qd6 $14) (28. Bh3 $1 $16 Re8 29. Rd1 (29. dxe6 Qd3 $11) (29. Bxe6+ Rxe6 30. dxe6 Qd3 $11)) 28... exd5 $11 29. exd5 Re8 30. Qc3 Bxd5 31. Rxc5 Bxg2+ 32. Kxg2 Rxc5 33. Qxc5 $15 {[%emt 0:00:20][%mdl 4096] Endgame KQR-KQR} Qd2+ 34. Kg1 Re2 35. Qc8+ $1 Kg7 36. Qc7+ (36. Qb7+ $1 $15 Kh6 37. Rf1) 36... Kh6 $19 {[%emt 0:00:08] [#] ( -> ...Qd4+)} 37. Qf4+ Qxf4 38. gxf4 $17 {[%emt 0:00:02] KR-KR} Kg7 $2 (38... a5 $19 {...a4 is the strong threat.} 39. a4 Re4) 39. Rb1 $11 {[%emt 0:01:05] The position is equal.} Rxa2 40. Rb7+ Kf6 {[%emt 0:01:22] And now ...h5 would win.} 41. Rxh7 a5 {[%emt 0:01:39][%cal Ba6a5,Ba5a4,Ba4a3,Ba3a2][%mdl 32] Strongly threatening ...a4.} 42. Ra7 g5 43. fxg5+ Kxg5 44. Kf1 Kf4 45. h4 a4 46. h5 Ra1+ 47. Kg2 Kg5 48. Ra5+ Kh6 49. Kh2 a3 50. Kg2 a2 51. Kh2 $1 Rb1 {[%emt 0:00:28] Weighted Error Value: White=0.23 (precise) /Black=0.21 (precise)} 1/2-1/2